 Dungeon Crawl Stone Soup version 0.28.0-53-g5a82cb258f (webtiles) character file.

Game seed: 6017807968091746697

443 jamesp the Insei (level 7, 0/43 HPs)
             Began as an Octopode Transmuter on Aug 17, 2022.
             Slain by a gnoll shaman
             ... wielding a +0 club
              (10 damage)
             ... on level 3 of the Dungeon.
             The game lasted 00:13:36 (5343 turns).

jamesp the Insei (Octopode Transmuter)              Turns: 5343, Time: 00:13:37

Health: 0/43       AC:  1    Str:  9    XL:     7   Next: 2%
Magic:  11/12      EV: 13    Int: 18    God:
Gold:   84         SH:  0    Dex: 12    Spells: 12/13 levels left

rFire   . . .      SeeInvis .     - Unarmed
rCold   . . .      Faith    .   (no shield)
rNeg    + . .      Spirit   .   (helmet currently unavailable)
rPois   .          Reflect  .   (no amulet)
rElec   .          Harm     .   a - ring of positive energy
rCorr   .          Rampage  .   (no ring)
Will    .....                   (no ring)
Stlth   +.........              (no ring)
HPRegen 0.14/turn               (no ring)
MPRegen 0.13/turn               (no ring)
                                (no ring)
                                (no ring)

@: lit by a corona, appendages, glowing
A: tentacle spike 3, almost no armour, amphibious, 8 rings, camouflage 1,
gelatinous body 1, (nimble swimmer 1), tentacles
a: End Transformation


You were on level 3 of the Dungeon.
One of your tentacles had grown a beastly spike.
You visited 1 branch of the dungeon, and saw 4 of its levels.
You also visited: Sewer.

You collected 84 gold pieces.

Inventory:

Missiles
 e - 65 sling bullets
 h - 79 stones
 i - 77 arrows
Magical Staves
 l - a staff of death
Jewellery
 a - a ring of positive energy (left tentacle)
Scrolls
 c - a scroll of identify
 f - 4 scrolls of teleportation
 o - a scroll of noise {unknown}
 q - a scroll of blinking {unknown}
 t - a scroll of magic mapping {unknown}
Potions
 b - a potion of lignification {unknown}
 d - 4 potions of curing {unknown}
 g - a potion of heal wounds
 j - a potion of flight {unknown}
 k - 3 potions of brilliance {unknown}
 m - a potion of attraction {unknown}
 n - a potion of berserk rage {unknown}
 p - a potion of might {unknown}
 r - a potion of experience {unknown}
 s - a potion of resistance {unknown}


   Skills:
 - Level 1.0 Fighting
 - Level 3.0 Dodging
 + Level 4.8 Unarmed Combat
 + Level 3.9 Spellcasting
 + Level 4.2 Transmutations


You had 12 spell levels left.
You knew the following spells:

 Your Spells              Type           Power      Damage    Failure   Level
a - Beastly Appendage     Tmut           36%        N/A       2%          1

Your spell library contained the following spells:

 Spells                   Type           Power      Damage    Failure   Level
 Wereblood                Tmut           18%        N/A       3%          2
 Spider Form              Tmut/Pois      11%        N/A       19%         3
 Summon Guardian Golem    Hex/Summ       3%         N/A       41%         3
 Ice Form                 Ice/Tmut       11%        N/A       52%         4
 Orb of Destruction       Conj           1%         9d5       100%        7
 Spellforged Servitor     Conj/Summ      1%         N/A       100%        7


Dungeon Overview and Level Annotations

Branches:
Dungeon (4/15)              Sewer (visited)
 Temple: D:4-7

Altars:

Shops:
D:3 (

Annotations:
D:3 1 runed translucent door, Crazy Yiuf


Innate Abilities, Weirdness & Mutations

One of your tentacles has grown a beastly spike.
You cannot wear most types of armour.
You are amphibious.
You can wear up to eight rings at the same time.
Your skin changes colour to match your surroundings (Stealth+).
Your rubbery body absorbs attacks. (AC +1, EV +1)
((You are camouflaged when in or above water. (Stealth+)))
You have tentacles for arms and can constrict up to eight enemies at once.


Message History

You pierce the phantom, but do no damage.
The phantom is heavily damaged.
Your tentacle spike disappears.
The phantom hits you.
* * * LOW HITPOINT WARNING * * *
The gnoll shaman closely misses you.
Okay, then.
Casting: Beastly Appendage (safe; 2% risk of failure)
Confirm with . or Enter, or press ? or * to list all spells.
One of your tentacles grows a vicious spike.
The phantom hits you.
* * * LOW HITPOINT WARNING * * *
The gnoll shaman barely misses you.
You feel much better. The phantom barely misses you.
The gnoll shaman closely misses you.
You tentacle-slap the phantom. You squeeze the phantom!
The phantom is almost destroyed.
The phantom hits you.
The gnoll shaman hits you with a +0 club!
You tentacle-slap the phantom but do no damage.
Your tentacle spike misses the phantom.
The phantom is almost destroyed.
The phantom completely misses you.
You barely miss the phantom.
Your tentacle spike misses the phantom.
The phantom is almost destroyed.
The gnoll shaman misses you. The phantom hits you.
The phantom blinks!
You blink.
You tentacle-slap the phantom.
You destroy the phantom!
You have reached level 7!
The gnoll shaman hits you with a +0 club!
* * * LOW HITPOINT WARNING * * *
You barely miss the gnoll shaman. Your grab misses the gnoll shaman.
You pierce the gnoll shaman, but do no damage.
You squeeze the gnoll shaman.
The gnoll shaman is lightly wounded.
You barely miss the gnoll shaman. Your grab misses the gnoll shaman.
The gnoll shaman is lightly wounded.
The gnoll shaman hits you with a +0 club!
You die...

#.#.#.#[....#.....#....#.#
#.#.#.#.....#.###.######.#
#.#.#.#...##### #........#
#.#.#.#...#######.########
#.#.#.#...##...##.#
###.#.#.#...##.>.##.#
........######...####
###.#...######'#g#####
#.######..)'..@'...#
#.....##.>.#.⌠.#.>.#
##########...'...'...#
........######...########
#######.................#
...........8.......8....#
#######.................#
# ########...######.# #
#...'...'...##.#


You could see a gnoll shaman.

Vanquished Creatures
  A phantom (D:3)
  2 bullfrogs (Sewer)
  8 adders
  A gnoll (D:3)
  5 river rats
  4 worms
  3 dart slugs
  17 ball pythons
  2 bats
  11 endoplasms
  A giant cockroach (D:1)
  6 goblins
  3 hobgoblins
  A kobold (D:3)
  2 quokkas (D:1)
  8 frilled lizards
  33 rats
108 creatures vanquished.

Notes
Turn   | Place    | Note
-------+----------+-------------------------------------------
     0 | D:1      | jamesp the Octopode Transmuter began the quest for the Orb.
     0 | D:1      | Reached XP level 1. HP: 13/13 MP: 3/3
   211 | D:1      | Reached XP level 2. HP: 18/18 MP: 3/5
  1174 | D:2      | Reached XP level 3. HP: 19/23 MP: 6/6
  2184 | D:3      | Found a glowing drain.
  2201 | D:3      | Reached XP level 4. HP: 14/28 MP: 7/7
  2361 | Sewer    | Entered a sewer
  2981 | Sewer    | HP: 1/28 [endoplasm (3)]
  3319 | Sewer    | Reached XP level 5. HP: 33/33 MP: 9/9
  3489 | Sewer    | HP: 1/33 [poisoned by an adder]
  3742 | Sewer    | Reached XP level 6. HP: 8/38 MP: 8/11
  4533 | D:3      | Found Dutej's Weapon Shoppe.
  5170 | D:3      | Found a runed translucent door.
  5171 | D:3      | Noticed Crazy Yiuf
  5340 | D:3      | Reached XP level 7. HP: 20/43 MP: 10/12
  5343 | D:3      | Slain by a gnoll shaman

Illustrated notes

Levels and vault maps discovered:
D:1:      beargit_arrival_greenhouse, layout_basic
D:2:      layout_basic, minmay_strange_pillars, st_stairs_2
D:3:      layout_basic, serial_shops, shop, portal_sewer_entry_b,
          nicolae_elevator_lobby_plus, uniq_crazy_yiuf_cottage
D:4:      layout_gridville

Skill      XL: |  1  2  3  4  5  6 |
---------------+-------------------+-----
Dodging        | 3 |  3.0
Transmutations | 3 4 |  4.2
Spellcasting   | 3 |  3.9
Unarmed Combat | 4 |  4.8
Fighting       | |  1.0

Action                   |  1- 3 |  4- 6 |  7- 9 || total
-------------------------+-------+-------+-------++-------
Melee: Unarmed           |    87 |   163 |     2 ||   252
       Constrict         |    20 |    34 |       ||    54
       Tentacles         |    17 |    36 |     1 ||    54
       Kick              |    13 |    33 |     1 ||    47
       Punch             |     3 |     4 |       ||     7
 Cast: Beastly Appendage |    14 |    18 |       ||    32
  Use: Scroll            |     2 |     1 |       ||     3
       Potion            |       |     2 |       ||     2
 Stab: Sleeping          |    12 |     4 |       ||    16
Armor: Skin              |     8 |    13 |       ||    21
Dodge: Dodged            |    44 |   109 |       ||   153
